 Dungeon Crawl Stone Soup version 0.15.2 (webtiles) character file.

236 HAWKINGL3623 the Skirmisher (level 6, -5/38 HPs)
             Began as a Tengu Abyssal Knight on Jan 24, 2016.
             Was a Believer of Lugonu.
             Killed from afar by Natasha (7 damage)
             ... with a wand of magic darts
             ... on Level 4 of the Dungeon.
             The game lasted 00:13:17 (3005 turns).

HAWKINGL3623 the Skirmisher (Tengu Abyssal Knight)  Turns: 3005, Time: 00:13:17

HP  -5/38        AC  4     Str 13      XL: 6   Next:  6%
MP  10/10        EV 12     Int 12      God: Lugonu [**....]
Gold 138         SH  0     Dex 15      Spells:  0 memorised,  5 levels left

rFire  . . .     SeeInvis .     k - +1 short sword (venom)
rCold  + . .     Clarity  .     b - +1 leather armour
rNeg   . . .     rCorr    .     (no shield)
rPois  +         rRot     .     (helmet restricted)
rElec  .         Spirit   .     (no cloak)
SustAb .         Warding  .     (no gloves)
rMut   .         Stasis   .     (boots unavailable)
Gourm  .                        (no amulet)
MR     +....                    m - ring of protection from magic
                                f - ring of poison resistance

@: lethally poisoned, very slightly contaminated, invisible, somewhat resistant
to hostile enchantments, unstealthy
A: able to fly, beak, talons 3, blink 1, blurry vision 1, cold resistance 1
a: Fly, Blink, Depart the Abyss, Bend Space, Renounce Religion


You were on level 4 of the Dungeon.
You worshipped Lugonu.
Lugonu was pleased with you.
You were not hungry.

You visited 1 branch of the dungeon, and saw 4 of its levels.
You visited the Abyss 1 time.

You collected 138 gold pieces.

Inventory:

Hand weapons
 a - a +4 spear
 k - a +1 short sword of venom (weapon)
Missiles
 q - 6 javelins of returning (quivered)
Armour
 b - a +1 leather armour (worn)
Comestibles
 g - 4 meat rations
 h - a royal jelly
 l - 2 beef jerkies
 o - 4 fruits
Scrolls
 c - 3 scrolls of amnesia
Jewellery
 d - an uncursed ring of protection from fire
 f - a ring of poison resistance (left hand)
 m - a ring of protection from magic (right hand)
Potions
 e - a potion of restore abilities
 p - a potion of flight


   Skills:
 + Level 3.8 Fighting
 + Level 3.2 Polearms
 + Level 0.4 Throwing
 + Level 3.5 Armour
 + Level 3.2 Dodging
 + Level 1.3 Stealth
 + Level 2.4 Invocations


You had 5 spell levels left.
You didn't know any spells.

Dungeon Overview and Level Annotations

Branches:
Dungeon (4/15)             Temple (0/1) D:4

Altars:

Annotations:
D:4 Natasha


Innate Abilities, Weirdness & Mutations

You can fly.
You have a beak for a mouth.
You have claws for feet.
You can translocate small distances at will.
Your vision is a little blurry.
Your flesh is cold resistant.


Message History

It begins to drip with poison!
k - a +1 short sword of venom (weapon)
* * * LOW HITPOINT WARNING * * *
You feel sick.
Drop what? (_ for help) (? for menu, Esc to quit)
You drop a +3 dagger of venom.
* * * LOW HITPOINT WARNING * * *
You feel sick.
* * * LOW HITPOINT WARNING * * *
You feel sick. As you open the door, it creaks loudly!
* * * LOW HITPOINT WARNING * * *
You feel sick.
You hear an angry hiss.
Found a bread ration.
Found a staircase to the Ecumenical Temple.
Natasha, Servant of Life and Death comes into view.
There is an open door here.
Natasha zaps a wand.
The magic dart hits you!
You die...

###+### #.....#
#.#+#.# +.#>#.+ #.
#h###.#
#.#####.@..%#
#.....###'###
#..........#
###........(#
##.#......)..#..
#.#............#
#.#...........#...
#....)%......####
##.#.<.......#


You could see Natasha.

Vanquished Creatures
  The ghost of HAWKINGL3623 the Covered, an average HuWn (D:3)
  A scorpion (D:4)
  Terence (D:2)
  2 adders (D:2)
  A giant mite (D:4)
  A worm (D:2)
  A giant gecko (D:1)
  2 ball pythons
  6 giant cockroaches
  4 goblins
  7 hobgoblins
  3 jackals (D:1)
  9 kobolds
  4 quokkas
  7 bats
  3 giant newts
  6 rats
59 creatures vanquished.

Notes
Turn   | Place    | Note
--------------------------------------------------------------
     0 | Abyss:1  | HAWKINGL3623, the Tengu Abyssal Knight, began the quest for the Orb.
     0 | Abyss:1  | Reached XP level 1. HP: 14/14 MP: 1/1
    35 | Abyss:1  | Noticed an ancient zyme
    47 | Abyss:1  | Noticed a spatial vortex
    49 | Abyss:1  | Noticed a spatial maelstrom
    49 | Abyss:1  | Noticed a spatial vortex
    52 | Abyss:1  | Noticed a starcursed mass
    53 | D:1      | Escaped the Abyss
   287 | D:1      | Acquired Lugonu's first power
   323 | D:1      | Reached XP level 2. HP: 10/19 MP: 3/3
   730 | D:1      | Reached XP level 3. HP: 19/23 MP: 4/4
  1009 | D:2      | Acquired Lugonu's second power
  1222 | D:2      | Noticed Terence
  1380 | D:2      | Gained mutation: You can translocate small distances at will. [potion of mutation]
  1380 | D:2      | Gained mutation: Your vision is a little blurry. [potion of mutation]
  1380 | D:2      | Gained mutation: Your flesh is cold resistant. [potion of mutation]
  1443 | D:2      | Reached XP level 4. HP: 14/28 MP: 6/6
  1455 | D:2      | Killed Terence
  2059 | D:3      | Noticed HAWKINGL3623's ghost (average HuWn)
  2381 | D:3      | Killed HAWKINGL3623's ghost
  2381 | D:3      | Reached skill level 1 in Stealth
  2381 | D:3      | Reached XP level 5. HP: 11/33 MP: 8/8
  2994 | D:4      | Reached XP level 6. HP: 6/38 MP: 10/10
  3003 | D:4      | Found a staircase to the Ecumenical Temple.
  3004 | D:4      | Noticed Natasha
  3005 | D:4      | Killed from afar by Natasha

Action                   |  1- 3 |  4- 6 || total
-------------------------+-------+-------++-------
Melee: Spear             |    64 |   103 ||   167
       Dagger            |    21 |     1 ||    22
Throw: Stone             |     4 |     5 ||     9
       Javelin           |       |     1 ||     1
Invok: Depart the Abyss  |     1 |       ||     1
 Abil: Blink             |     1 |       ||     1
  Use: Scroll            |     8 |     6 ||    14
       Potion            |     5 |     6 ||    11
 Stab: Sleeping          |     2 |     3 ||     5
       Invisible         |       |     1 ||     1
  Eat: Bread ration      |     1 |     1 ||     2
       Fruit             |       |     1 ||     1
